 Dungeon Crawl Stone Soup version 0.31.0-9-g3a7656b989 (webtiles) character file.

Game seed: 13471335526546826488

78 Killerpretzel the Magician (level 4, -2/31 HPs)
             Began as a Djinni Fire Elementalist on Jan 30, 2024.
             Frozen to death by an endoplasm (6 damage)
             ... on level 3 of the Dungeon.
             The game lasted 00:07:33 (1507 turns).

Killerpretzel the Magician (DjFE)                   Turns: 1507, Time: 00:07:33

Health: -2/31      AC:  4    Str:  7    XL:     4   Next: 61%
Gold:   116        EV: 13    Int: 18    God:
                   SH:  0    Dex: 14

rFire   + + +        d - +0 dagger
rCold   x x .        (no shield)
rNeg    . . .        a - +0 robe
rPois   ∞            m - +0 helmet
rElec   .            (no cloak)
rCorr   .            g - +0 pair of gloves
SInv    .            (boots unavailable)
Will    .....        o - amulet of regeneration
Stlth   ++           j - ring of fire
HPRegen 1.05/turn    (no ring)
MPRegen 0.00/turn

%: infuse magic (-3 HP)
@: flying
A: sickness immunity, fire resistance 2, cold vulnerability 1, float, innate
caster, HP casting, extra vitality 1
a: no special abilities


You were on level 3 of the Dungeon.
You visited 1 branch of the dungeon, and saw 3 of its levels.

You collected 116 gold pieces.

Inventory:

Hand Weapons
 d - a +0 dagger (weapon)
Armour
 a - a +0 robe (worn)
 g - a +0 pair of gloves (worn)
 k - a +0 helmet
 m - a +0 helmet (worn)
Jewellery
 j - a ring of fire (left hand)
 o - an amulet of regeneration (around neck)
Scrolls
 b - a scroll of revelation {unknown}
 e - a scroll of identify {unknown}
 f - 2 scrolls of enchant armour {unknown}
 h - a scroll of noise {unknown}
Potions
 c - 2 potions of curing {unknown}
 i - 3 potions of magic {unknown}
 l - a potion of lignification {unknown}
 n - a potion of might {unknown}


   Skills:
 + Level 3.3 Dodging
 + Level 2.5 Stealth
 + Level 3.6 Spellcasting
 + Level 3.6 Conjurations
 + Level 3.6 Hexes
 + Level 3.6 Summonings
 + Level 3.6 Necromancy
 + Level 3.6 Translocations
 + Level 3.6 Fire Magic
 + Level 3.6 Ice Magic
 + Level 3.6 Air Magic
 + Level 3.6 Earth Magic
 + Level 3.6 Alchemy


You knew the following spells:

 Your Spells              Type           Power      Damage    Failure   Level
a - Foxfire               Conj/Fire      96%        2x1d8     3%          1
b - Scorch                Fire           48%        2d7       5%          2
c - Volatile Blastmotes   Fire/Tloc      48%        2d14      11%         3
d - Inner Flame           Hex/Fire       24%        N/A       11%         3
e - Flame Wave            Conj/Fire      24%        2d8       34%         4
f - Necrotise             Necr           64%        1d7       3%          1
Your spell library was empty.

Dungeon Overview and Level Annotations

Branches:
Dungeon (3/15)

Altars:
Cheibriados

Annotations:
D:3 Ijyb


Innate Abilities, Weirdness & Mutations

You are immune to sickness and miasma.
You are immune to poison.
Your flesh is very heat resistant. (rF++)
You are vulnerable to cold. (rC-)
You float through the air rather than walking.
You learn spells naturally, not from books.
Your magical power is your life essence.
You have superior vitality. (+4 MHP)


Message History

The endoplasm completely misses you.
Casting: Foxfire (safe; 3% risk of failure)
Confirm with . or Enter, or press ? or * to list all spells.
You feel a surge of power!
You conjure some foxfire!
Ijyb hits you with a +0 club. The endoplasm freezes you.
You are frozen!
You feel a terrible chill!
* * * LOW HITPOINT WARNING * * *
The foxfire hits Ijyb.
Ijyb is heavily wounded.
The foxfire hits Ijyb.
Ijyb is severely wounded.
Casting: Foxfire (safe; 3% risk of failure)
Confirm with . or Enter, or press ? or * to list all spells.
You feel a surge of power!
You conjure some foxfire!
* * * LOW HITPOINT WARNING * * *
Ijyb hits you with a +0 club.
* * * LOW HITPOINT WARNING * * *
The endoplasm hits you but does no damage.
The foxfire hits Ijyb but does no damage.
Ijyb is severely wounded.
The foxfire hits Ijyb but does no damage.
Ijyb is severely wounded.
Ijyb barely misses you. The endoplasm misses you.
Casting: Foxfire (safe; 3% risk of failure)
Confirm with . or Enter, or press ? or * to list all spells.
You feel a surge of power!
You conjure some foxfire!
* * * LOW HITPOINT WARNING * * *
Ijyb hits you with a +0 club.
* * * LOW HITPOINT WARNING * * *
The endoplasm hits you.
* * * LOW HITPOINT WARNING * * *
The foxfire hits Ijyb but does no damage.
Ijyb is severely wounded.
The foxfire hits Ijyb but does no damage.
Ijyb is severely wounded.
Ijyb zaps a wand.
You resist with some effort. The endoplasm freezes you.
You are frozen.
You feel a terrible chill!
You die...

........ #### .......
..#. ..# ..... .....
..## .J. ..... .... #.#
#..#####...
#####.###.##.....##
#.@J......#..<.#..#
#.g†..$...#.......#
#..)........#._.<.#
#.....##..#.......#
.......†.##..#..<.#..#
g.###.....###.##...v.##
#...:.# #..#####)..
#..###.# ##.......††
.<.# #............#.


You could see Ijyb and an endoplasm.

Vanquished Creatures
  3 adders (D:2)
  A ribbon worm (D:2)
  An orc (D:3)
  3 bats
  3 endoplasms (D:1)
  A giant cockroach (D:1)
  9 hobgoblins
  3 kobolds
  4 quokkas
  4 ball pythons
  5 goblins (D:1)
  5 rats
42 creatures vanquished.

Vanquished Creatures (others)
  98 foxfires
98 creatures vanquished.

Grand Total: 140 creatures vanquished

Notes
Turn   | Place    | Note
-------+----------+-------------------------------------------
     0 | D:1      | Killerpretzel the Djinni Fire Elementalist began the quest
                  | for the Orb.
     0 | D:1      | Killerpretzel set off with the following spells memorised:
                  | Foxfire, Scorch, Volatile Blastmotes, Inner Flame, Flame
                  | Wave.
     0 | D:1      | Reached XP level 1. HP: 15/15 MP: 0/0
   150 | D:1      | Reached XP level 2. HP: 13/21 MP: 0/0
   346 | D:1      | Reached XP level 3. HP: 24/25 MP: 0/0
   346 | D:1      | Learned a level 1 spell: Necrotise
   686 | D:2      | Reached XP level 4. HP: 14/31 MP: 0/0
  1090 | D:2      | Found a snail-covered altar of Cheibriados.
  1448 | D:3      | Found a faded altar of an unknown god.
  1486 | D:3      | Noticed Ijyb
  1507 | D:3      | Frozen to death by an endoplasm

Illustrated notes

Levels and vault maps discovered:
D:1:      kennysheep_arrival_seaside, layout_rooms
D:2:      layout_loops_ring, basic_altar, minmay_misc_feat_diagonals
D:3:      layout_rooms, riverfiend_overflow_shadow_ancestor,
          nicolae_ecumenical_pavilion, hangedman_decor_peaks_small, uniq_ijyb

Skill      XL: |  1  2  3 |
---------------+----------+-----
Stealth        | 2 |  2.5
Dodging        | 3 |  3.3
Spellcasting   | |  3.6
Conjurations   | |  3.6
Hexes          | |  3.6
Summonings     | |  3.6
Necromancy     | |  3.6
Translocations | |  3.6
Fire Magic     | |  3.6
Ice Magic      | |  3.6
Air Magic      | |  3.6
Earth Magic    | |  3.6
Alchemy        | |  3.6

Action                     |  1- 3 |  4- 6 || total
---------------------------+-------+-------++-------
  Melee: Dagger            |     6 |     3 ||     9
   Cast: Foxfire           |    29 |    30 ||    59
         Scorch            |       |     2 ||     2
 Armour: Robe              |    14 |    13 ||    27
  Dodge: Dodged            |    13 |    15 ||    28
